 Dungeon Crawl Stone Soup version 0.22-a0-348-gd16d139 (webtiles) character file.

4875 iamserjio the Nimble (level 10, -5/66 HPs)
             Began as an Octopode Monk on Apr 10, 2018.
             Was a Priest of Yredelemnul.
             Slain by a three-headed hydra (6 damage)
             ... on level 8 of the Dungeon.
             The game lasted 00:39:32 (8784 turns).

iamserjio the Nimble (Octopode Monk)                Turns: 8784, Time: 00:39:33

Health: -5/66      AC:  1    Str: 12    XL:     10   Next: 50%
Magic:  14/14      EV: 21    Int: 12    God:    Yredelemnul [***...]
Gold:   323        SH:  0    Dex: 17    Spells: 9/9 levels left

rFire    . . .     SeeInvis +   a - +1 dagger (flame)
rCold    . . .     Gourm    .   (no shield)
rNeg     + . .     Faith    .   (helmet restricted)
rPois    .         Spirit   .   (no amulet)
rElec    .         Reflect  .   d - +4 ring of slaying
rCorr    .         Harm     .   w - ring of positive energy
MR       .....                  J - ring of see invisible
Stlth    ++++......             (no ring)
HPRegen  0.21/turn              (no ring)
MPRegen  0.14/turn              (no ring)
                                (no ring)
                                (no ring)

@: starving
A: almost no armour, stealthy swim, amphibious, 8 rings, constrict 8, camouflage
1, gelatinous body 1
a: Recall Undead Slaves, Injury Mirror, Animate Dead, Renounce Religion


You were on level 8 of the Dungeon.
You worshipped Yredelemnul.
Yredelemnul was most pleased with you.
You were starving.

You visited 2 branches of the dungeon, and saw 9 of its levels.

You collected 323 gold pieces.

Inventory:

Hand Weapons
 a - a +1 dagger of flaming (weapon)
 i - a +2 dagger of speed
 q - a +2 hunting sling of freezing
 y - a +0 dagger of venom
 L - a +0 scimitar
Missiles
 r - 185 stones (quivered)
 s - 32 bolts
 E - 14 arrows
Jewellery
 d - a +4 ring of slaying (left tentacle)
 w - a ring of positive energy (right tentacle)
 J - a ring of see invisible (on tentacle)
Wands
 h - a wand of polymorph (16)
 I - a wand of iceblast (6)
Scrolls
 e - a scroll of magic mapping
 g - 2 scrolls of enchant armour
 m - a scroll of amnesia
 o - 4 scrolls of enchant weapon
 t - 2 scrolls of teleportation {unknown}
 D - 2 scrolls of fear {unknown}
Potions
 c - a potion of magic {unknown}
 f - a potion of resistance {unknown}
 j - a potion of berserk rage {unknown}
 k - a potion of heal wounds {unknown}
 l - a potion of degeneration {unknown}
 p - 3 potions of brilliance
 u - 3 potions of agility
 v - a potion of haste {unknown}
 z - a potion of ambrosia {unknown}
 B - 2 potions of curing
 C - a potion of might {unknown}
 F - a potion of cancellation {unknown}
Comestibles
 b - 17 rations


   Skills:
 - Level 5.0 Fighting
 * Level 9.1 Long Blades
 * Level 10.3 Dodging
 - Level 5.0 Stealth
 + Level 6.3 Invocations


You had 9 spell levels left.
You didn't know any spells.

Dungeon Overview and Level Annotations

Branches:
Dungeon (8/15)             Temple (1/1) D:4
   Lair: D:8-11

Altars:
Ashenzari
Cheibriados
Dithmenos
Elyvilon
Fedhas
Gozag
Hepliaklqana
Kikubaaqudgha
Makhleb
Nemelex Xobeh
Okawaru
Qazlal
Ru
Sif Muna
Uskayaw
Vehumet
Wu Jian
Xom
Yredelemnul
Zin
The Shining One

Annotations:
D:2 Sigmund
D:6 CasualChangeling's ghost, novice GnFi
D:8 exclusion: statue, Erica


Innate Abilities, Weirdness & Mutations

You cannot wear most types of armour.
You are very stealthy in the water. (Stealth+)
You are amphibious.
You can wear up to eight rings at the same time.
You can use your tentacles to constrict eight enemies at once.
Your skin changes colour to match your surroundings (Stealth+).
Your rubbery body absorbs attacks. (AC +1, EV +1)


Message History

The three-headed hydra misses you.
You feel better.
Your yak zombie closely misses the three-headed hydra.
The three-headed hydra bites you!
* * * LOW HITPOINT WARNING * * *
The three-headed hydra completely misses you.
The three-headed hydra barely misses you.
Okay, then.
Evoke which item? (* to show all) (? for menu, Esc to quit)
Aiming: Iceblast
Press: ? - help, Shift-Dir - straight line Really fire at your yak zombie?
The mass of ice explodes!
The iceblast engulfs your yak zombie.
Your yak zombie partially resists.
Your yak zombie is severely damaged.
The iceblast engulfs the three-headed hydra.
The three-headed hydra is almost dead.
The three-headed hydra bites you.
You die...
Your body rises from the dead as a mindless zombie.

##......####.#######
...###### #........#
##..#### #........#
##....####........#
####......##########
######.#....))%.#
#.#...Z)#.)#
#.##''D###+#
#.#...@.P≈.#
#Z#..P..≈≈P#
#.#.....P)≈#
#Z#....[.≈P#
#.#.≈.≈.≈PP#
#.####.#####
#......# ########


You could see a three-headed hydra and a yak zombie.

Vanquished Creatures
  Pikel (D:6)
  The ghost of iamserjio the Sneak, an amateur OpMo (D:4)
  2 dream sheep (D:8)
  A hippogriff (D:7)
  Eustachio (D:5)
  2 yaks
  A sky beast (D:7)
  An ice beast (D:8)
  4 slaves (D:7)
  2 orc warriors
  A necrophage (D:7)
  2 ogres
  The ghost of iamserjio the Ducker, an amateur OpMo (D:3)
  A centaur (D:5)
  2 big kobolds (D:8)
  4 bullfrogs
  2 scorpions
  3 wights (D:6)
  A howler monkey (D:6)
  3 crimson imps
  3 hounds
  3 orc priests
  2 jellies (D:7)
  2 bullfrog skeletons
  A centaur skeleton (D:6)
  5 orc wizards
  An iguana (D:8)
  A worker ant (D:7)
  2 hound zombies
  3 hound skeletons (D:7)
  A howler monkey zombie (D:5)
  2 worker ant zombies
  Robin (D:3)
  7 gnolls (D:4)
  6 adders
  5 shadow imps
  2 oozes
  4 adder skeletons
  4 worms
  2 dart slugs (D:1)
  7 leopard geckos
  15 orcs
  9 bats
  6 giant cockroaches
  19 goblins
  5 hobgoblins
  4 jackals
  3 quokkas
  2 ball pythons
  A ball python skeleton (D:5)
  5 frilled lizards
  A giant cockroach zombie (D:5)
  6 kobolds
  7 rats
183 creatures vanquished.

Vanquished Creatures (collateral kills)
  A two-headed ogre (D:8)
  The ghost of Goblin1989 the Ruffian, a novice TrHu of Okawaru (D:5)
  A wight (D:6)
  A hound (D:7)
  An orc wizard (D:6)
  2 orcs (D:7)
7 creatures vanquished.

Vanquished Creatures (others)
  A big kobold (D:8)
  A wight (D:8)
  A bullfrog zombie (D:6)
  A worker ant (D:7)
  2 ogre zombies
  A hound zombie (D:7)
  A worker ant zombie (D:7)
  An adder zombie (D:7)
  An orc skeleton (D:4)
  A leopard gecko zombie (D:7)
  4 orc zombies
15 creatures vanquished.

Grand Total: 205 creatures vanquished

Notes
Turn   | Place    | Note
-------+----------+-------------------------------------------
     0 | D:1      | iamserjio the Octopode Monk began the quest for the Orb.
     0 | D:1      | Reached XP level 1. HP: 16/16 MP: 1/1
    77 | D:1      | Reached XP level 2. HP: 20/21 MP: 2/2
   313 | D:1      | Reached XP level 3. HP: 25/26 MP: 3/3
   876 | D:2      | Found a glowing golden altar of the Shining One.
   919 | D:2      | Found a hazy altar of Hepliaklqana.
  1383 | D:2      | Reached XP level 4. HP: 31/31 MP: 4/4
  1554 | D:2      | Noticed Sigmund
  1980 | D:3      | Reached skill level 4 in Dodging
  2189 | D:3      | Reached XP level 5. HP: 28/36 MP: 5/5
  2195 | D:3      | Noticed Robin
  2363 | D:4      | Noticed iamserjio's ghost (amateur OpMo)
  2858 | D:3      | Reached skill level 5 in Stealth
  3038 | D:3      | Noticed iamserjio's ghost (amateur OpMo)
  3055 | D:3      | Killed iamserjio's ghost
  3055 | D:3      | Reached skill level 5 in Dodging
  3055 | D:3      | Reached XP level 6. HP: 35/43 MP: 6/6
  3269 | D:3      | Killed Robin
  3971 | D:4      | Reached XP level 7. HP: 19/49 MP: 7/7
  3980 | D:4      | Reached skill level 6 in Dodging
  3987 | D:4      | Found a staircase to the Ecumenical Temple.
  3993 | Temple   | Entered the Ecumenical Temple
  4010 | Temple   | Became a worshipper of Yredelemnul the Dark
  4010 | Temple   | Reached * piety under Yredelemnul
  4010 | Temple   | Reached ** piety under Yredelemnul
  4289 | D:4      | Killed iamserjio's ghost
  4289 | D:4      | Reached skill level 5 in Fighting
  4289 | D:4      | Reached skill level 1 in Invocations
  4689 | D:5      | Entered Level 5 of the Dungeon
  4855 | D:5      | Reached XP level 8. HP: 53/55 MP: 9/9
  4862 | D:5      | Noticed Goblin1989's ghost (novice TrHu)
  4874 | D:5      | Killed Goblin1989's ghost
  4874 | D:5      | Reached skill level 5 in Long Blades
  4874 | D:5      | Reached skill level 7 in Dodging
  5351 | D:5      | Noticed Eustachio
  5367 | D:5      | Killed Eustachio
  5710 | D:6      | Found a blossoming altar of Fedhas.
  5710 | D:6      | Found a deep blue altar of Sif Muna.
  5824 | D:6      | Noticed CasualChangeling's ghost (novice GnFi)
  5991 | D:6      | Reached skill level 8 in Dodging
  6108 | D:6      | Reached XP level 9. HP: 61/61 MP: 11/11
  6879 | D:7      | Found a burning altar of Makhleb.
  6886 | D:7      | Reached *** piety under Yredelemnul
  6938 | D:7      | Noticed Pikel
  6987 | D:6      | Killed Pikel
  6987 | D:6      | Reached skill level 9 in Dodging
  6987 | D:6      | Reached skill level 5 in Invocations
  7444 | D:7      | Reached XP level 10. HP: 17/66 MP: 12/14
  8090 | D:8      | Noticed Erica
  8102 | D:8      | Noticed a two-headed ogre
  8185 | D:8      | Received a gift from Yredelemnul (a wight)
  8233 | D:8      | Killed a two-headed ogre
  8233 | D:8      | Reached skill level 10 in Dodging
  8607 | D:8      | Found a glowing silver altar of Zin.
  8639 | D:8      | Found a radiant altar of Vehumet.
  8763 | D:8      | Noticed a three-headed hydra
  8783 | D:8      | HP: 1/66 [three-headed hydra (10)]
  8784 | D:8      | Slain by a three-headed hydra

Vault maps used:
D:1:      dpeg_arrival_tiny_a, st_stairs_3
D:2:      marbit_many_paths, nicolae_overflow_hidden_temple, uniq_sigmund
D:3:      uniq_robin
D:4:      minmay_temple_entry_nine_rooms, first_ration
D:5:      uniq_eustachio
D:6:      amethyst_overflow_temple_binary, hangedman_decor_points
D:7:      makhleb_blood_cavern_becter, uniq_pikel
D:8:      vehumet_statue, overflow_temple_1_default, hangedman_ranch, uniq_erica
Temple:   eino_temple_lava

Skill      XL: |  1  2  3  4  5  6  7  8  9 10 |
---------------+-------------------------------+-----
Stealth        | 3 4 5 |  5.0
Dodging        | 4 5 6 8 9 10 | 10.3
Fighting       | 4 5 |  5.0
Invocations    | 1 3 5 6 |  6.3
Long Blades    | 4 6 8 9 |  9.1

Action                   |  1- 3 |  4- 6 |  7- 9 | 10-12 || total
-------------------------+-------+-------+-------+-------++-------
Melee: Falchion          |    75 |       |       |       ||    75
       Tentacles         |    13 |    36 |    55 |    20 ||   124
       Constrict         |    21 |    39 |    44 |    14 ||   118
       Dagger            |     1 |   148 |   130 |    13 ||   292
       Scimitar          |       |       |    67 |    51 ||   118
Invok: Animate Remains   |       |       |     4 |       ||     4
       Animate Dead      |       |       |     4 |     2 ||     6
       Recall Undead Sla |       |       |       |     2 ||     2
Evoke: Wand              |       |       |       |     2 ||     2
  Use: Scroll            |     6 |       |     1 |     6 ||    13
       Potion            |       |       |       |     2 ||     2
 Stab: Sleeping          |    13 |     6 |    14 |     2 ||    35
       Distracted        |       |       |     3 |       ||     3
  Eat: Chunk             |     1 |     5 |     5 |     4 ||    15
       Ration            |       |     1 |     2 |       ||     3
Armor: Skin              |     8 |     9 |     2 |     2 ||    21
Dodge: Dodged            |    48 |    74 |   112 |    50 ||   284
       Rpst.: Falchion   |    10 |       |       |       ||    10
       Scimitar          |       |       |    19 |    10 ||    29

Table legend:
 A = Spawn XP
 B = Non-spawn XP
 C = Spawn XP percentage of total XP
 D = Spawn monster count
 E = Non-spawn monster count
 F = Spawn count percentage of total count
 G = Total turns spent on level
                    A         B        C        D         E        F      G
               +---------+---------+-------+---------+---------+-------+---------
         Total |       0 |    6965 |   0.0 |       0 |     186 |   0.0 |  8784
               +---------+---------+-------+---------+---------+-------+---------
           D:1 |       0 |      56 |   0.0 |       0 |      28 |   0.0 |   726
           D:2 |       0 |      31 |   0.0 |       0 |      17 |   0.0 |   917
           D:3 |       0 |     242 |   0.0 |       0 |      31 |   0.0 |  1453
           D:4 |       0 |     678 |   0.0 |       0 |      24 |   0.0 |  1346
           D:5 |       0 |    1237 |   0.0 |       0 |      19 |   0.0 |   859
           D:6 |       0 |    1264 |   0.0 |       0 |      16 |   0.0 |  1273
           D:7 |       0 |    1403 |   0.0 |       0 |      33 |   0.0 |  1480
           D:8 |       0 |    2054 |   0.0 |       0 |      18 |   0.0 |   483
               +---------+---------+-------+---------+---------+-------+---------
